 Dungeon Crawl Stone Soup version 0.16.1-18-g436b03c (webtiles) character file.

907 masdan the Caller (level 8, 0/41 HPs)
             Began as a Tengu Summoner on Apr 30, 2015.
             Slain by a sky beast (6 damage)
             ... on level 7 of the Dungeon.
             The game lasted 00:59:33 (8656 turns).

masdan the Caller (Tengu Summoner)                  Turns: 8656, Time: 00:59:34

Health: 0/41       AC:  3    Str:  9    XL:     8   Next: 8%
Magic:  12/22      EV: 12    Int: 18    God:
Gold:   294        SH:  0    Dex: 14    Spells: 5 memorised, 4 levels left

rFire  . . .     SeeInvis .     x - +3 quarterstaff (chaos)
rCold  . . .     Clarity  .     a - +0 robe
rNeg   . . .     SustAb   .     (no shield)
rPois  .         Gourm    .     (helmet restricted)
rElec  .         Spirit   .     g - +0 cloak
rCorr  .         Warding  .     (no gloves)
rMut   .         Stasis   .     (boots unavailable)
MR     .....                    (no amulet)
Stlth  ++........               (no ring)
                                (no ring)

@: not resistant to hostile enchantments, unstealthy
A: able to fly, beak, talons 3
a: Fly


You were on level 7 of the Dungeon.
You were not hungry.

You visited 1 branch of the dungeon, and saw 7 of its levels.

You collected 294 gold pieces.

Inventory:

Hand weapons
 u - a +0 dagger
 x - a +3 quarterstaff of chaos (weapon)
 D - the +7 flail "Khets" {drain, rPois Int+2 SInv, unknown}
   (You found it on level 7 of the Dungeon)

   A truly terrible weapon, it drains the life of those it strikes.
   It affects your intelligence (+2).
   It protects you from poison.
   It enhances your eyesight.
Missiles
 d - 16 stones
 B - 2 throwing nets (quivered)
Armour
 a - a +0 robe (worn)
 e - a +0 naga barding
 g - a +0 cloak (worn)
 k - a +0 pair of boots
 t - a cursed -2 helmet
 y - a +0 cloak
Jewellery
 C - an uncursed ring of poison resistance {unknown}
Magical devices
 w - a wand of frost (15)
Scrolls
 f - 4 scrolls of recharging
 j - 2 scrolls of blinking
 n - a scroll of random uselessness
 p - 5 scrolls of identify
 s - 2 scrolls of teleportation
 v - 7 scrolls of remove curse
 A - a scroll of magic mapping {unknown}
Potions
 h - 2 potions of cure mutation
 l - a potion of heal wounds
 m - 2 potions of magic {unknown}
 q - a potion of curing
 z - a potion of restore abilities {unknown}
Books
 b - a book of Callings

   Spells                             Type                      Level
   a - Summon Small Mammal            Summoning                    1
   b - Call Imp                       Summoning                    2
   c - Call Canine Familiar           Summoning                    3
   d - Summon Guardian Golem          Hexes/Summoning              4
   e - Summon Lightning Spire         Summoning/Air                4
   f - Summon Ice Beast               Ice/Summoning                4
Comestibles
 c - a bread ration
 i - 4 meat rations
 r - a beef jerky


   Skills:
 - Level 2.2 Dodging
 - Level 2.0 Stealth
 + Level 5.6 Spellcasting
 * Level 6.5 Summonings
 + Level 3.7 Ice Magic
 + Level 4.4 Air Magic


You had 4 spell levels left.
You knew the following spells:

 Your Spells              Type           Power        Failure   Level  Hunger
a - Summon Small Mammal   Summ           ####         1%          1    None
b - Call Imp              Summ           ####....     1%          2    None
c - Call Canine Familiar  Summ           ####....     2%          3    ##.....
d - Summon Ice Beast      Ice/Summ       ###.....     17%         4    ####...
e - Summon Lightning Spi  Summ/Air       ###.....     17%         4    ####...


Dungeon Overview and Level Annotations

Branches:
Dungeon (7/15)             Temple (0/1) D:4

Altars:
Cheibriados
Elyvilon
Trog


Innate Abilities, Weirdness & Mutations

You can fly.
You have a beak for a mouth.
You have claws for feet.


Message History

There is a strange disturbance nearby!
A sky beast appears from thin air!
Reactivating autopickup.
You see here 23 stones.
The sky beast flickers out of sight!
Deactivating autopickup; reactivate with Ctrl-A.
Casting: Summon Ice Beast
Confirm with . or Enter, or press ? or * to list all spells.
A chill wind blows around you. Something hits you.
* * * LOW HITPOINT WARNING * * *
Something shocks you.
* * * LOW HITPOINT WARNING * * *
Unknown command.
Quiver which item? (- for none, * to show all) (? for menu, Esc to quit)
Okay, then.
Drink which item? (? for menu, Esc to quit)
You feel better. Something hits you.
* * * LOW HITPOINT WARNING * * *
Something shocks you.
You die...

#####.........##..## #.#. #
###..#...###...### #...
######...###.....#...#### #...#
.........#######.###....## #...s
.####.........##..##.....## #>
.## #.#######..#..(.......# ##.
..###.### ##.#.###.....## #..
#.......# #.#.# ##...## #.#
##......# #.#@# #### ###.#
##.....# #.#.### ##./8# #....)#
#...Y.# #..### ###.....# ##....#
##..##
........#######....########†...#
###.....................Y{Y....#
#...)(###################....#
####### #....# #....#


You could see a friendly ice beast.

Vanquished Creatures
  A crimson imp (D:6)
  A giant gecko (D:7)
  An orc (D:6)
  A hobgoblin (D:1)
  3 bats
  A giant newt (D:1)
  A goblin (D:7)
  A rat (D:3)
10 creatures vanquished.

Vanquished Creatures (collateral kills)
  An orc warrior (D:6)
  2 ogres
  A centaur (D:5)
  An ice beast (D:7)
  A phantom (D:6)
  Sigmund (D:6)
  A scorpion (D:4)
  A gnoll sergeant (D:7)
  A giant frog (D:6)
  A crimson imp (D:5)
  2 jellies
  4 hounds
  2 giant frog skeletons
  Crazy Yiuf (D:3)
  A giant frog zombie (D:7)
  5 orc wizards
  3 worker ants
  8 gnolls
  7 adders
  A shadow imp (D:6)
  2 giant mites
  2 worms (D:2)
  An adder zombie (D:6)
  3 giant geckos
  An ooze (D:3)
  22 orcs
  A bat skeleton (D:6)
  A bat zombie (D:5)
  7 giant cockroaches
  18 hobgoblins
  A quokka (D:4)
  5 ball pythons
  10 bats
  A giant cockroach zombie (D:6)
  9 giant newts
  13 goblins
  2 jackals (D:6)
  A jackal zombie (D:5)
  20 kobolds
  6 rats
171 creatures vanquished.

Vanquished Creatures (others)
  3 ice beasts
  6 crimson imps
  18 hounds
  3 shadow imps
  A white imp (D:2)
  7 bats
  7 quokkas
  5 rats
50 creatures vanquished.

Grand Total: 231 creatures vanquished

Notes
Turn   | Place    | Note
--------------------------------------------------------------
     0 | D:1      | masdan, the Tengu Summoner, began the quest for the Orb.
     0 | D:1      | Reached XP level 1. HP: 10/10 MP: 3/3
   380 | D:1      | Reached XP level 2. HP: 7/15 MP: 2/6
   537 | D:1      | Learned a level 2 spell: Call Imp
  1503 | D:2      | Reached XP level 3. HP: 19/19 MP: 4/8
  1508 | D:2      | Reached skill level 5 in Summonings
  1864 | D:2      | Learned a level 3 spell: Call Canine Familiar
  2349 | D:2      | Reached XP level 4. HP: 24/24 MP: 3/11
  2356 | D:2      | Learned a level 4 spell: Summon Ice Beast
  2795 | D:3      | Reached skill level 1 in Ice Magic
  3110 | D:3      | Found a bloodstained altar of Trog.
  3368 | D:3      | Noticed a spatial vortex
  3437 | D:3      | Found a snail-covered altar of Cheibriados.
  3480 | D:3      | Noticed Crazy Yiuf
  3515 | D:3      | Killed Crazy Yiuf
  3515 | D:3      | Reached XP level 5. HP: 28/28 MP: 3/13
  4707 | D:4      | Noticed an ogre
  4736 | D:4      | Killed an ogre
  4736 | D:4      | Reached XP level 6. HP: 30/32 MP: 2/17
  4833 | D:4      | Found a staircase to the Ecumenical Temple.
  5157 | D:5      | Entered Level 5 of the Dungeon
  6238 | D:5      | Learned a level 4 spell: Summon Lightning Spire
  6312 | D:5      | Reached skill level 1 in Air Magic
  6659 | D:5      | Reached XP level 7. HP: 12/36 MP: 12/19
  7336 | D:6      | Found a white marble altar of Elyvilon.
  7437 | D:6      | Noticed Sigmund
  7445 | D:6      | Killed Sigmund
  7445 | D:6      | Reached skill level 5 in Spellcasting
  7912 | D:7      | Reached skill level 6 in Summonings
  8254 | D:7      | Reached XP level 8. HP: 13/41 MP: 2/22
  8566 | D:7      | Got a crystal flail
  8655 | D:7      | HP: 1/41 [something (5)]
  8656 | D:7      | Slain by a sky beast

Action                   |  1- 3 |  4- 6 |  7- 9 || total
-------------------------+-------+-------+-------++-------
Melee: Unarmed           |    14 |    23 |       ||    37
       Quarterstaff      |       |     8 |    11 ||    19
 Cast: Summon Small Mamm |    14 |    18 |     9 ||    41
       Call Imp          |    34 |    37 |    10 ||    81
       Call Canine Famil |     8 |    33 |    11 ||    52
       Summon Ice Beast  |       |    10 |    16 ||    26
       Summon Lightning  |       |     1 |     7 ||     8
 Abil: Fly               |       |     2 |     1 ||     3
Evoke: Wand              |       |       |     2 ||     2
  Use: Scroll            |     4 |     6 |     2 ||    12
       Potion            |       |     6 |     2 ||     8
 Stab: Sleeping          |     3 |     1 |     1 ||     5
  Eat: Chunk             |     3 |     8 |     5 ||    16
       Fruit             |     2 |       |       ||     2
       Royal jelly       |     1 |       |       ||     1
       Bread ration      |       |     3 |     1 ||     4
       Beef jerky        |       |     1 |       ||     1
       Pizza             |       |       |     1 ||     1
